MLB
TEXAS RANGERS @ HOUSTON ASTROS
08/23/2020
 
TOP OF THE 1ST
Texas Rangers batting - Pitching for Houston Astros : LHP Carlos Rodon
Pitching: LHP Carlos Rodon
Batting: SHB Cesar Hernandez 0-0: Called Strike
0-1: Foul Ball, location: 2F
0-2: Ball
1-2: Ball
2-2: Foul Ball, location: 2F
2-2: SINGLE (Groundball, 13S, EV 66.9 MPH) (infield hit)
Batting: RHB Randy Arozarena 0-0: SINGLE (Line Drive, 9S, EV 102.5 MPH)
Cesar Hernandez to second
Batting: LHB Bryce Harper 0-0: Ball
1-0: Ball
2-0: Foul Ball, location: 2F
2-1: Ball
3-1: Swinging Strike
3-2: Strikes out swinging
Batting: RHB Ryan Braun 0-0: Ball
Cesar Hernandez steals 3rd base
Randy Arozarena to second
1-0: Ground out 6-3 (Groundball, 6M, EV 108.8 MPH)
Cesar Hernandez scores
Randy Arozarena to third
Batting: RHB Will D. Smith 0-0: Swinging Strike
0-1: Ball
1-1: Called Strike
1-2: Strikes out swinging
Top of the 1st over - 1 run, 2 hits, 0 errors, 1 left on base; Texas 1 - Houston 0
BOTTOM OF THE 1ST
Houston Astros batting - Pitching for Texas Rangers : LHP Jon Lester
Pitching: LHP Jon Lester
Batting: SHB Jorge Polanco 0-0: Foul Ball, location: 2F
0-1: Ball
1-1: Foul Ball, location: 2F
1-2: Fly out, F8 (Flyball, 8LXD, EV 102.5 MPH)
Batting: RHB Dustin Pedroia 0-0: Ball
1-0: Fly out, F9 (Flyball, 9S, EV 97.5 MPH)
Batting: LHB Logan Morrison 0-0: Called Strike
0-1: Ball
1-1: Called Strike
1-2: Ball
2-2: Ball
3-2: Ground out U3 (Groundball, 34, EV 79.4 MPH)
Bottom of the 1st over - 0 runs, 0 hits, 0 errors, 0 left on base; Texas 1 - Houston 0
TOP OF THE 2ND
Texas Rangers batting - Pitching for Houston Astros : LHP Carlos Rodon
Batting: RHB Andrelton Simmons 0-0: Ball
1-0: Called Strike
1-1: Ball
2-1: Foul Ball, location: 2F
2-2: Fly out, F8 (Flyball, 8RM, EV 88.8 MPH)
Batting: LHB Joc Pederson 0-0: Ball
1-0: Swinging Strike
1-1: Ball
2-1: Foul Ball, location: 2F
2-2: Foul Ball, location: 2F
2-2: Foul Ball, location: 2F
2-2: Fly out, F8 (Flyball, 89D, EV 104.4 MPH)
Batting: LHB Ender Inciarte 0-0: Fly out, F7 (Flyball, 7LS, EV 91.3 MPH)
Top of the 2nd over - 0 runs, 0 hits, 0 errors, 0 left on base; Texas 1 - Houston 0
BOTTOM OF THE 2ND
Houston Astros batting - Pitching for Texas Rangers : LHP Jon Lester
Batting: RHB Trey Mancini 0-0: Foul Ball, location: 2F
0-1: Foul Ball, location: 2F
0-2: Ball
1-2: Strikes out swinging
Batting: LHB Tommy La Stella 0-0: Swinging Strike
0-1: Swinging Strike
0-2: Foul Ball, location: 2F
0-2: Foul Ball, location: 2F
0-2: Strikes out swinging
Batting: LHB Dominic Smith 0-0: Called Strike
0-1: Called Strike
0-2: Ball
1-2: Strikes out looking
Bottom of the 2nd over - 0 runs, 0 hits, 0 errors, 0 left on base; Texas 1 - Houston 0
TOP OF THE 3RD
Texas Rangers batting - Pitching for Houston Astros : LHP Carlos Rodon
Batting: SHB Breyvic Valera 0-0: DOUBLE (Line Drive, 78D, EV 99.4 MPH)
Batting: SHB Cesar Hernandez 0-0: Swinging Strike
0-1: Swinging Strike
0-2: Foul Ball, location: 2F
0-2: Fly out, F9 (Flyball, 89M, EV 95.6 MPH)
Runner from 2nd tags up, SAFE at 3rd with throw by RF
Batting: RHB Randy Arozarena 0-0: Ball
1-0: Ball
2-0: Called Strike
2-1: Swinging Strike
2-2: Strikes out swinging
Batting: LHB Bryce Harper 0-0: Called Strike
0-1: Ball
Wild Pitch!
Breyvic Valera scores
1-1: Foul Ball, location: 2F
1-2: Foul Ball, location: 2F
1-2: Ball
2-2: Ball
3-2: Base on Balls
Batting: RHB Ryan Braun 0-0: Ball
1-0: Foul Ball, location: 2F
1-1: Fly out, F8 (Flyball, 8LD, EV 93.1 MPH)
Top of the 3rd over - 1 run, 1 hit, 0 errors, 1 left on base; Texas 2 - Houston 0
BOTTOM OF THE 3RD
Houston Astros batting - Pitching for Texas Rangers : LHP Jon Lester
Batting: LHB Matt Joyce 0-0: Swinging Strike
0-1: Foul Ball, location: 2F
0-2: Strikes out swinging
Batting: RHB Austin Romine 0-0: Called Strike
0-1: SINGLE (Flyball, 5D, EV 89.4 MPH)
Batting: SHB Billy Hamilton 0-0: Ball
1-0: Called Strike
1-1: Called Strike
1-2: Foul Ball, location: 2F
1-2: Grounds into double play, 4-6-3 (Groundball, 4, EV 84.4 MPH)
Bottom of the 3rd over - 0 runs, 1 hit, 0 errors, 0 left on base; Texas 2 - Houston 0
TOP OF THE 4TH
Texas Rangers batting - Pitching for Houston Astros : LHP Carlos Rodon
Batting: RHB Will D. Smith 0-0: Ball
1-0: Called Strike
1-1: Fly out, F8 (Line Drive, 8RD, EV 91.3 MPH)
Batting: RHB Andrelton Simmons 0-0: Ball
1-0: Ball
2-0: Foul Ball, location: 2F
2-1: Ball
3-1: Foul Ball, location: 2F
3-2: Base on Balls
Batting: LHB Joc Pederson 0-0: Called Strike
0-1: Foul Ball, location: 2F
0-2: Ball
1-2: Ball
2-2: Foul Ball, location: 2F
2-2: Foul Ball, location: 2F
2-2: Foul Ball, location: 2F
2-2: Strikes out swinging
Batting: LHB Ender Inciarte 0-0: Ball
Wild Pitch!
Andrelton Simmons to second
1-0: Called Strike
1-1: Called Strike
1-2: Ball
2-2: Fly out, F8 (Line Drive, 8LM, EV 93.1 MPH)
Top of the 4th over - 0 runs, 0 hits, 0 errors, 1 left on base; Texas 2 - Houston 0
BOTTOM OF THE 4TH
Houston Astros batting - Pitching for Texas Rangers : LHP Jon Lester
Batting: SHB Jorge Polanco 0-0: Ball
1-0: Called Strike
1-1: Fly out, F4 (Line Drive, 4, EV 66.3 MPH)
Batting: RHB Dustin Pedroia 0-0: Ball
1-0: Ball
2-0: Swinging Strike
2-1: Called Strike
2-2: Fly out, F8 (Flyball, 8LM, EV 86.9 MPH)
Batting: LHB Logan Morrison 0-0: Called Strike
0-1: Called Strike
0-2: SINGLE (Line Drive, 89S, EV 87.5 MPH)
Batting: RHB Trey Mancini 0-0: Ball
1-0: Ball
2-0: Ball
3-0: Called Strike
3-1: Ground out 5-3 (Groundball, 56S, EV 88.8 MPH)
Bottom of the 4th over - 0 runs, 1 hit, 0 errors, 1 left on base; Texas 2 - Houston 0
TOP OF THE 5TH
Texas Rangers batting - Pitching for Houston Astros : LHP Carlos Rodon
Batting: SHB Breyvic Valera 0-0: Called Strike
0-1: Bunt for hit to 23 - play at first, batter OUT! 3-4
Batting: SHB Cesar Hernandez 0-0: SOLO HOME RUN (Flyball, 7D, EV 104.4 MPH), Distance : 403 ft
Batting: RHB Randy Arozarena 0-0: Ball
1-0: Called Strike
1-1: Ground out 5-3 (Groundball, 5, EV 82.5 MPH)
Batting: LHB Bryce Harper 0-0: Called Strike
0-1: Ball
1-1: Foul Ball, location: 2F
1-2: Ball
2-2: Ball
3-2: SOLO HOME RUN (Flyball, 9D, EV 102.5 MPH), Distance : 397 ft
Batting: RHB Ryan Braun 0-0: Ball
1-0: Ball
2-0: Called Strike
2-1: Foul Ball, location: 2F
2-2: Ball
3-2: Strikes out swinging
Top of the 5th over - 2 runs, 2 hits, 0 errors, 0 left on base; Texas 4 - Houston 0
BOTTOM OF THE 5TH
Houston Astros batting - Pitching for Texas Rangers : LHP Jon Lester
Batting: LHB Tommy La Stella 0-0: Ball
1-0: Ground out 4-3 (Groundball, 4, EV 84.4 MPH)
Batting: LHB Dominic Smith 0-0: Called Strike
0-1: Swinging Strike
0-2: Ball
1-2: SINGLE (Line Drive, 89S, EV 104.4 MPH)
Batting: LHB Matt Joyce 0-0: Ball
1-0: Ball
2-0: Fly out, F9 (Flyball, 9LM, EV 88.8 MPH)
Batting: RHB Austin Romine 0-0: Called Strike
0-1: Ball
1-1: Ground out 4-3 (Groundball, 4, EV 106.3 MPH)
Bottom of the 5th over - 0 runs, 1 hit, 0 errors, 1 left on base; Texas 4 - Houston 0
TOP OF THE 6TH
Texas Rangers batting - Pitching for Houston Astros : LHP Carlos Rodon
Pitching: RHP Art Warren
Batting: RHB Will D. Smith 0-0: Called Strike
0-1: Ball
1-1: Swinging Strike
1-2: Ball
2-2: Ball
3-2: Foul Ball, location: 2F
3-2: Base on Balls
Batting: RHB Andrelton Simmons 0-0: Grounds into double play, 5-4-3 (Groundball, 5S, EV 83.1 MPH)
Batting: LHB Joc Pederson 0-0: Called Strike
0-1: Ball
1-1: Ball
2-1: Ball
3-1: Base on Balls
Batting: LHB Ender Inciarte 0-0: Ball
1-0: Ball
2-0: Called Strike
2-1: Foul Ball, location: 2F
2-2: Ball
3-2: Ground out 6-3 (Groundball, 6, EV 99.4 MPH)
Top of the 6th over - 0 runs, 0 hits, 0 errors, 1 left on base; Texas 4 - Houston 0
BOTTOM OF THE 6TH
Houston Astros batting - Pitching for Texas Rangers : LHP Jon Lester
Batting: SHB Billy Hamilton 0-0: Fly out, F4 (Popup, 23, EV 81.3 MPH)
Batting: SHB Jorge Polanco 0-0: Ground out 5-3 (Groundball, 56S, EV 82.5 MPH)
Batting: RHB Dustin Pedroia 0-0: Foul Ball, location: 2F
0-1: Ball
1-1: Ball
2-1: Ground out 1-3 (Groundball, 15S, EV 63.1 MPH)
Bottom of the 6th over - 0 runs, 0 hits, 0 errors, 0 left on base; Texas 4 - Houston 0
TOP OF THE 7TH
Texas Rangers batting - Pitching for Houston Astros : RHP Art Warren
Pitching: RHP Paul Sewald
Batting: SHB Breyvic Valera 0-0: Ball
1-0: Foul Ball, location: 2F
1-1: Ball
2-1: Foul Ball, location: 2F
2-2: Strikes out looking
Batting: SHB Cesar Hernandez 0-0: Called Strike
0-1: Ball
1-1: Ground out 4-3 (Groundball, 4, EV 90.6 MPH)
Batting: RHB Randy Arozarena 0-0: SOLO HOME RUN (Flyball, 7LD, EV 103.1 MPH), Distance : 345 ft
Batting: LHB Bryce Harper 0-0: Foul Ball, location: 2F
0-1: Swinging Strike
0-2: Ball
1-2: Strikes out swinging
Top of the 7th over - 1 run, 1 hit, 0 errors, 0 left on base; Texas 5 - Houston 0
BOTTOM OF THE 7TH
Houston Astros batting - Pitching for Texas Rangers : LHP Jon Lester
Batting: LHB Logan Morrison 0-0: Ball
1-0: Ball
2-0: Foul Ball, location: 2F
2-1: Fly out, F6 (Popup, 4M, EV 70.6 MPH)
Batting: RHB Trey Mancini 0-0: SINGLE (Groundball, 56D, EV 103.1 MPH)
Batting: LHB Tommy La Stella 0-0: Called Strike
0-1: Ball
1-1: Ball
2-1: Foul Ball, location: 2F
2-2: Ball
3-2: Base on Balls
Trey Mancini to second
Batting: LHB Dominic Smith 0-0: Ball
1-0: Foul Ball, location: 2F
1-1: Called Strike
1-2: SINGLE (Line Drive, 6D, EV 94.4 MPH)
Trey Mancini to third
Tommy La Stella to second
Runner from 3rd tries for Home, throw by LF and OUT! 7-2
Batting: LHB Matt Joyce 0-0: Swinging Strike
0-1: Foul Ball, location: 2F
0-2: Ball
1-2: Ball
2-2: Foul Ball, location: 2F
2-2: Strikes out swinging
Bottom of the 7th over - 0 runs, 2 hits, 0 errors, 2 left on base; Texas 5 - Houston 0
TOP OF THE 8TH
Texas Rangers batting - Pitching for Houston Astros : RHP Paul Sewald
Batting: RHB Ryan Braun 0-0: Called Strike
0-1: Foul Ball, location: 2F
0-2: Fly out, F8 (Flyball, 8RD, EV 88.8 MPH)
Batting: RHB Will D. Smith 0-0: Called Strike
0-1: Foul Ball, location: 2F
0-2: Ball
1-2: Ball
2-2: Foul Ball, location: 2F
2-2: Fly out, F9 (Flyball, 9LS, EV 97.5 MPH)
Pitching: LHP James Pazos
Batting: RHB Andrelton Simmons 0-0: Ball
1-0: Swinging Strike
1-1: Ball
2-1: Called Strike
2-2: Ground out 5-3 (Groundball, 56S, EV 70.6 MPH)
Top of the 8th over - 0 runs, 0 hits, 0 errors, 0 left on base; Texas 5 - Houston 0
BOTTOM OF THE 8TH
Houston Astros batting - Pitching for Texas Rangers : LHP Jon Lester
Batting: RHB Austin Romine 0-0: Ball
1-0: Ball
2-0: Called Strike
2-1: Ball
3-1: Swinging Strike
3-2: Ground out 5-3 (Groundball, 56, EV 76.3 MPH)
Pitching: RHP Arodys Vizcaino
Batting: SHB Billy Hamilton 0-0: Ball
1-0: Ball
2-0: Called Strike
2-1: Foul Ball, location: 2F
2-2: Ball
3-2: Strikes out swinging
Batting: SHB Jorge Polanco 0-0: Ball
1-0: Foul Ball, location: 2F
1-1: Ball
2-1: SINGLE (Line Drive, 89S, EV 99.4 MPH)
Batting: RHB Dustin Pedroia 0-0: Called Strike
0-1: Foul Ball, location: 2F
0-2: Ball
1-2: Foul Ball, location: 2F
1-2: Ball
2-2: Foul Ball, location: 2F
2-2: Fielders Choice at 2nd, 6-4 (Groundball, 6, EV 85.0 MPH)
Bottom of the 8th over - 0 runs, 1 hit, 0 errors, 1 left on base; Texas 5 - Houston 0
TOP OF THE 9TH
Texas Rangers batting - Pitching for Houston Astros : LHP James Pazos
Batting: LHB Joc Pederson 0-0: Ball
1-0: Ball
2-0: Foul Ball, location: 2F
2-1: Ball
3-1: Swinging Strike
3-2: Foul Ball, location: 2F
3-2: Foul Ball, location: 2F
3-2: Foul Ball, location: 2F
3-2: Strikes out looking
Batting: LHB Ender Inciarte 0-0: Ball
1-0: Foul Ball, location: 2F
1-1: Ball
2-1: Foul Ball, location: 2F
2-2: Foul Ball, location: 2F
2-2: Foul Ball, location: 2F
2-2: SINGLE (Line Drive, 8RS, EV 102.5 MPH)
Pitching: LHP T.J. McFarland
Batting: SHB Breyvic Valera 0-0: Ball
1-0: Ball
2-0: Fielders Choice at 2nd, 6-4 (Groundball, 6, EV 81.9 MPH)
Batting: SHB Cesar Hernandez 0-0: Swinging Strike
0-1: DOUBLE (Groundball, 5L, EV 95.0 MPH)
Breyvic Valera to third
Batting: RHB Randy Arozarena 0-0: Swinging Strike
0-1: Ball
1-1: Foul Ball, location: 2F
1-2: Strikes out looking
Top of the 9th over - 0 runs, 2 hits, 0 errors, 2 left on base; Texas 5 - Houston 0
BOTTOM OF THE 9TH
Houston Astros batting - Pitching for Texas Rangers : RHP Arodys Vizcaino
Batting: LHB Logan Morrison 0-0: Foul Ball, location: 2F
0-1: Ball
1-1: Ball
2-1: Ball
3-1: Base on Balls
Batting: RHB Trey Mancini 0-0: DOUBLE (Line Drive, 8LXD, EV 105.0 MPH)
Logan Morrison to third
Batting: LHB Tommy La Stella 0-0: Foul Ball, location: 2F
0-1: Called Strike
0-2: Fly out, F8 (Flyball, 8RXD, EV 107.5 MPH)
Runner from 3rd tags up, SCORES, no throw by CF
Pitching: RHP Reyes Moronta
Batting: LHB Dominic Smith 0-0: Ball
1-0: Called Strike
1-1: Foul Ball, location: 2F
1-2: Ball
2-2: Fly out, F9 (Flyball, 9LM, EV 89.4 MPH)
Batting: LHB Matt Joyce 0-0: Called Strike
0-1: Called Strike
0-2: Strikes out swinging
Bottom of the 9th over - 1 run, 1 hit, 0 errors, 1 left on base; Texas 5 - Houston 1
Wednesday, October 21st, 2020 - OOTP Baseball 21.6 Build 83